 Dungeon Crawl Stone Soup version 0.32-a0-673-g3729bd50f8 (webtiles) character file.

Game seed: 11496455426635593103

113 pisaster the Chiller (level 4, -1/30 HPs)
             Began as a Demonspawn Ice Elementalist on Mar 11, 2024.
             Was a Believer of Vehumet.
             Slain by a mummy (8 damage)
             ... on level 4 of the Dungeon.
             The game lasted 00:11:13 (3293 turns).

pisaster the Chiller (Demonspawn Ice Elementalist)  Turns: 3293, Time: 00:11:14

Health: -1/30      AC:  8    Str:  9    XL:     4   Next: 65%
Magic:  2/7        EV: 11    Int: 17    God:    Vehumet [**....]
Gold:   126        SH:  4    Dex: 13    Spells: 1/8 levels left

rFire   . . .        n - +0 trident
rCold   . . .        j - +0 buckler
rNeg    + . .        a - +0 robe
rPois   .            (no helmet)
rElec   .            (no cloak)
rCorr   .            (no gloves)
SInv    .            (no boots)
Will    .....        (no amulet)
Stlth   ++           m - ring of positive energy
HPRegen 0.25/turn    r - ring of wizardry
MPRegen 0.10/turn

%: wizardry (x1)
@: ice-armoured
A: powered by death 1, spiny 1
a: Renounce Religion


You were on level 4 of the Dungeon.
You worshipped Vehumet.
Vehumet was pleased with you.
You visited 1 branch of the dungeon, and saw 4 of its levels.
You also visited: Ossuary.

You collected 126 gold pieces.

Inventory:

Hand Weapons
 n - a +0 trident (weapon)
Armour
 a - a +0 robe (worn)
 e - a +0 leather armour
 j - a +0 buckler (worn)
 o - a +0 ring mail
Magical Staves
 t - a staff of cold
Jewellery
 m - a ring of positive energy (left hand)
 r - a ring of wizardry (right hand)
Scrolls
 b - 3 scrolls of teleportation
 c - 4 scrolls of noise
 f - a scroll of immolation
 g - a scroll of poison
 i - a scroll of revelation
 p - a scroll of fear
 q - a scroll of blinking
Potions
 d - 2 potions of cancellation
 h - 3 potions of enlightenment
 k - a potion of lignification
 l - 3 potions of might


   Skills:
 - Level 1.7 Dodging
 - Level 3.0 Stealth
 + Level 1.1 Shields
 + Level 2.6 Spellcasting
 + Level 4.4 Ice Magic


You had one spell level left.
You knew the following spells:

 Your Spells              Type           Power      Damage    Failure   Level
a - Freeze                Ice            68%        1d8       1%          1
b - Frozen Ramparts       Ice            34%        1d6       5%          3
c - Ozocubu's Armour      Ice            17%        N/A       5%          3

Your spell library contained the following spells:

 Spells                   Type           Power      Damage    Failure   Level
 Foxfire                  Conj/Fire      8%         2x1d4     12%         1
 Hailstorm                Conj/Ice       9%         3d6       13%         3
 Summon Ice Beast         Ice/Summ       9%         N/A       13%         3
 Blink                    Tloc           4%         N/A       16%         2
 Lesser Beckoning         Tloc           4%         N/A       16%         2
 Momentum Strike          Conj/Tloc      4%         3d8       16%         2


Dungeon Overview and Level Annotations

Branches:
Dungeon (4/15)            Ossuary (visited)
 Temple: D:4-7

Altars:
Ashenzari
Nemelex Xobeh
Uskayaw
Vehumet

Annotations:
D:2 Sigmund


Innate Abilities, Weirdness & Mutations

You regenerate a little health from kills.
You are partially covered in sharp spines.


Message History

The dart slug launches a dart at you. The slug dart misses you.
You see here a +0 scale mail.
You hit the dart slug but do no damage.
The dart slug bites you but does no damage.
You hit the dart slug but do no damage. The dart slug closely misses you.
You feel a surge of power!
You freeze the dart slug.
The dart slug is heavily wounded.
The dart slug launches a dart at you. The slug dart hits you.
You feel a surge of power!
You freeze the dart slug.
You kill the dart slug!
You feel your power returning.
Unknown command.
Unknown command.
An adder comes into view.
The adder hisses angrily.
The adder is struck by your spines. The adder barely misses you.
You closely miss the adder.
The adder is heavily wounded.
The adder is struck by your spines. The adder barely misses you.
The adder closely misses you.
You feel a surge of power!
You freeze the adder.
You kill the adder!
You feel your power returning.
Found a sand-covered staircase.
You hear the slow hiss of an avalanche of sand.
Unknown command.
Unknown command.
There is a sand-covered staircase here.
The world spins around you as you enter the gateway.
You enter an ossuary!
Found a gate leading back out of this place.
There is an empty arch of ancient stone here.
Unknown command.
Okay, then.
Unknown command.
n - a +0 trident (weapon)
You open the gate.
There is an open gate here.
You open the large door.
A gnoll zombie and 2 mummies come into view.
Found a potion of curing and a scroll of noise.
Unknown command.
There is an open gate here.
You start waiting.
A mummy is nearby!
There is an empty arch of ancient stone here.
Casting: Freeze (safe; 1% risk of failure)
Confirm with . or Enter, or press ? or * to list all spells.
A film of ice covers your body!
Reach: n) +0 trident
Press: ? - help, Dir - move target, f - mummy
Aim: a mummy (about 29% to evade your +0 trident)
You reach to attack!
You closely miss the mummy. You hit the mummy.
The mummy is lightly damaged.
You barely miss the mummy.
The mummy is lightly damaged.
The mummy is struck by your spines. The mummy hits you!
You are too injured to fight recklessly!
You are too injured to fight recklessly!
You hit the mummy but do no damage.
The mummy is lightly damaged.
The mummy is struck by your spines. The mummy hits you.
Your icy armour cracks and falls away as you move.
There is a gate leading back out of this place here.
Unknown command.
Unknown command.
Welcome back to the Dungeon!
There is a collapsed entrance here.
Casting: Ozocubu's Armour (dangerous; 5% risk of failure)
Confirm with . or Enter, or press ? or * to list all spells.
A film of ice covers your body! The mummy hits you!
* * * LOW HITPOINT WARNING * * *
You feel better.
Press: ? - help, v - describe, . - travel
Here: a mummy (moderately damaged)
The floor.
Unknown command.
Casting: Ozocubu's Armour (dangerous; 5% risk of failure)
Confirm with . or Enter, or press ? or * to list all spells.
Okay, then.
Unknown command.
Unknown command.
You hit the mummy but do no damage.
The mummy is moderately damaged.
The mummy closely misses you.
You hit the mummy.
The mummy is moderately damaged.
You hit the mummy.
The mummy is moderately damaged.
You barely miss the mummy.
The mummy is moderately damaged.
The mummy hits you.
* * * LOW HITPOINT WARNING * * *
You hit the mummy.
The mummy is heavily damaged.
The mummy hits you!
You die...

# # ###. . ...#
###. ###### ...#
#.. #.... #..##.#
#..#
###..#.####.######
##.##..............
#.@.##.#####.######
##M##........#
##'..#.######
#..##.# ...## <#
##### ##


You could see a mummy.

Vanquished Creatures
  5 adders
  3 dart slugs
  A ribbon worm (D:3)
  5 ball pythons (D:1)
  3 bats
  6 endoplasms
  5 giant cockroaches
  4 goblins
  7 hobgoblins
  5 jackals
  3 quokkas
  2 frilled lizards (D:1)
  3 kobolds
  2 rats
54 creatures vanquished.

Notes
Turn   | Place    | Note
-------+----------+-------------------------------------------
     0 | D:1      | pisaster the Demonspawn Ice Elementalist began the quest
                  | for the Orb.
     0 | D:1      | Reached XP level 1. HP: 13/13 MP: 3/3
   183 | D:1      | Found a faded altar of an unknown god.
   210 | D:1      | Gained mutation: You are partially covered in sharp spines.
                  | [demonic ancestry]
   210 | D:1      | Reached XP level 2. HP: 6/19 MP: 1/5
   290 | D:1      | Prayed at the altar of an unknown god.
   290 | D:1      | Became a worshipper of Vehumet
   290 | D:1      | Reached * piety under Vehumet
   290 | D:1      | Offered knowledge of Magic Dart by Vehumet.
   617 | D:1      | Gained mutation: You regenerate a little health from kills.
                  | [demonic ancestry]
   617 | D:1      | Reached XP level 3. HP: 24/24 MP: 3/6
   774 | D:1      | Reached skill level 4 in Ice Magic
  1152 | D:1      | Offered knowledge of Foxfire by Vehumet.
  1215 | D:1      | Learned a level 3 spell: Frozen Ramparts
  1377 | D:2      | Noticed Sigmund
  1770 | D:2      | Reached ** piety under Vehumet
  2578 | D:3      | Found a broken altar of Ashenzari.
  2580 | D:3      | Found a hide-covered altar of Uskayaw.
  2603 | D:3      | Reached XP level 4. HP: 30/30 MP: 4/7
  2607 | D:3      | Learned a level 3 spell: Ozocubu's Armour
  2932 | D:3      | Found a sparkling altar of Nemelex Xobeh.
  3126 | D:4      | Reached skill level 1 in Shields
  3209 | D:4      | Found a sand-covered staircase.
  3213 | Ossuary  | Entered an ossuary
  3287 | D:4      | HP: 1/30 [mummy (10)]
  3293 | D:4      | Slain by a mummy

Illustrated notes

Levels and vault maps discovered:
D:1:      amcnicky_arrival_wind_blow, layout_basic,
          ebering_ecumenical_altar_ruins, minmay_quantized
D:2:      layout_loops_ring, nicolae_elevator_lobby_plus, uniq_sigmund
D:3:      layout_loops_ring, nicolae_overflow_hidden_temple
D:4:      layout_basic, serial_shops, shop, enter_ossuary_5

Skill      XL: |  1  2  3  4 |
---------------+-------------+-----
Stealth        | 2 3 |  3.0
Ice Magic      | 4 |  4.4
Shields        | 1 |  1.1
Dodging        | |  1.7
Spellcasting   | |  2.6

Action                     |  1- 3 |  4- 6 || total
---------------------------+-------+-------++-------
  Melee: Unarmed           |    14 |       ||    14
         Club              |     2 |       ||     2
         Long sword        |     3 |       ||     3
         Hand axe          |     3 |       ||     3
         Trident           |       |     9 ||     9
         Staff             |       |     8 ||     8
   Cast: Freeze            |    59 |    14 ||    73
         Ozocubu's Armour  |       |     2 ||     2
    Use: Potion            |     1 |     1 ||     2
         Scroll            |     9 |     3 ||    12
   Stab: Sleeping          |     2 |       ||     2
 Armour: Robe              |    20 |     9 ||    29
  Dodge: Dodged            |    44 |    13 ||    57
  Block: Buckler           |     1 |     3 ||     4

Table legend: (Time is in decaauts)
 A = Elapsed time spent in this place.
 B = Non-inter-level travel time spent in this place.
 C = Inter-level travel time spent in this place.
 D = Time resting spent in this place.
 E = Time spent auto-exploring this place.
 F = Levels seen in this place.
 G = Mean time per level.
                   A        B        C        D        E       F      G
               +--------+--------+--------+--------+--------+-----+--------+
         Total |   3298 |   3101 |    197 |    266 |   2123 |   5 |  659.6 |
       Dungeon |   3224 |   3027 |    197 |    239 |   2123 |   4 |  806.0 |
       Ossuary |     73 |     73 |      0 |     27 |      0 |   1 |   73.0 |
               +--------+--------+--------+--------+--------+-----+--------+

Top non-repeatable levels by time:
     D:1: 1426 daAuts
     D:2: 830 daAuts
     D:3: 804 daAuts
     D:4: 163 daAuts
 Ossuary: 73 daAuts

Action                     |  1- 3 |  4- 6 || total
---------------------------+-------+-------++-------
  Melee: Unarmed           |    14 |       ||    14
         Club              |     2 |       ||     2
         Long sword        |     3 |       ||     3
         Hand axe          |     3 |       ||     3
         Trident           |       |     9 ||     9
         Staff             |       |     8 ||     8
   Cast: Freeze            |    59 |    14 ||    73
         Ozocubu's Armour  |       |     2 ||     2
    Use: Potion            |     1 |     1 ||     2
         Scroll            |     9 |     3 ||    12
   Stab: Sleeping          |     2 |       ||     2
 Armour: Robe              |    20 |     9 ||    29
  Dodge: Dodged            |    44 |    13 ||    57
  Block: Buckler           |     1 |     3 ||     4

Table legend: (Time is in decaauts)
 A = Elapsed time spent in this place.
 B = Non-inter-level travel time spent in this place.
 C = Inter-level travel time spent in this place.
 D = Time resting spent in this place.
 E = Time spent auto-exploring this place.
 F = Levels seen in this place.
 G = Mean time per level.
                   A        B        C        D        E       F      G
               +--------+--------+--------+--------+--------+-----+--------+
         Total |   3298 |   3101 |    197 |    266 |   2123 |   5 |  659.6 |
       Dungeon |   3224 |   3027 |    197 |    239 |   2123 |   4 |  806.0 |
       Ossuary |     73 |     73 |      0 |     27 |      0 |   1 |   73.0 |
               +--------+--------+--------+--------+--------+-----+--------+

Top non-repeatable levels by time:
     D:1: 1426 daAuts
     D:2: 830 daAuts
     D:3: 804 daAuts
     D:4: 163 daAuts
 Ossuary: 73 daAuts
